TOP OF THE 1ST |
Butler White Sox batting - Pitching for Reading Rainbows : RHP Archie King
|
Pitching: RHP Archie King
|
|
Batting: RHB Luis Fuentes
|
0-0: Foul Ball, location: 2F 0-1: Ball 1-1: Ball 2-1: Foul Ball, location: 2F 2-2: Ball 3-2: Foul Ball, location: 2F 3-2: Ground out 6-3 (Groundball, 6)
|
Batting: LHB Gabriel Flores
|
0-0: Called Strike 0-1: Ball 1-1: Ground out U3 (Groundball, 3L)
|
Batting: RHB Miguel Sánchez
|
0-0: Ball 1-0: Foul Ball, location: 2F 1-1: Ball 2-1: Ball 3-1: Foul Ball, location: 2F 3-2: Strikes out swinging, 2-3 out at first.
|
Top of the 1st over - 0 runs, 0 hits, 0 errors, 0 left on base; Butler 0 - Reading 0 |
BOTTOM OF THE 1ST |
Reading Rainbows batting - Pitching for Butler White Sox : RHP Eric Wilson
|
Pitching: RHP Eric Wilson
|
|
Batting: LHB Ismael Barajas
|
0-0: Swinging Strike 0-1: Fly out, F6 (Popup, 6)
|
Batting: RHB José Moreno
|
0-0: Ball 1-0: Swinging Strike 1-1: Ground out 5-3 (Groundball, 25)
|
Batting: RHB Edmund Swanson
|
0-0: Ball 1-0: Called Strike 1-1: Ball 2-1: DOUBLE (Line Drive, 8LXD)
|
Batting: RHB Ethan Moore
|
0-0: Ground out 6-3 (Groundball, 6)
|
Bottom of the 1st over - 0 runs, 1 hit, 0 errors, 1 left on base; Butler 0 - Reading 0 |
TOP OF THE 2ND |
Butler White Sox batting - Pitching for Reading Rainbows : RHP Archie King
|
Batting: LHB Denny Allen
|
0-0: Ball 1-0: Swinging Strike 1-1: Foul Ball, location: 2F 1-2: Strikes out swinging
|
Batting: SHB Pedro Martínez
|
0-0: SINGLE (Groundball, 6MD)
|
Batting: LHB Thomas Dixon
|
0-0: Ball 1-0: Swinging Strike 1-1: Ball 2-1: Foul Ball, location: 2F 2-2: Foul Ball, location: 2F 2-2: Ball 3-2: SINGLE (Line Drive, 8LS) Pedro Martínez to second
|
Batting: RHB Ramón Maldonado
|
0-0: Ball 1-0: Foul Ball, location: 2F 1-1: Ball 2-1: Ball 3-1: Foul Ball, location: 2F 3-2: Strikes out swinging
|
Batting: RHB Jerry Moore
|
0-0: Ball 1-0: Fly out, F4 (Popup, 4M)
|
Top of the 2nd over - 0 runs, 2 hits, 0 errors, 2 left on base; Butler 0 - Reading 0 |
BOTTOM OF THE 2ND |
Reading Rainbows batting - Pitching for Butler White Sox : RHP Eric Wilson
|
Batting: LHB Ramón Morán
|
0-0: Ball 1-0: Ball 2-0: Swinging Strike 2-1: SINGLE (Flyball, 8LS)
|
Batting: LHB Dennis McConnell
|
0-0: Ball 1-0: Ball Wild Pitch! Ramón Morán to second 2-0: Called Strike 2-1: Foul Ball, location: 2F 2-2: Foul Ball, location: 2F 2-2: Foul Ball, location: 2F 2-2: Ground out U3 (Groundball, 3S) Ramón Morán to third
|
Batting: RHB Carlos Huerta
|
0-0: Called Strike 0-1: Ball 1-1: Swinging Strike 1-2: DOUBLE (Flyball, 8RD) Ramón Morán scores
|
Batting: SHB Johnny Jackson
|
0-0: Ball 1-0: Called Strike 1-1: Called Strike 1-2: Foul Ball, location: 2F 1-2: Ball 2-2: Foul Ball, location: 2F 2-2: Foul Ball, location: 2F 2-2: Ball 3-2: Foul Ball, location: 2F 3-2: SINGLE (Groundball, 34D) Carlos Huerta to third Runner from 3rd tries for Home, SAFE, no throw
|
Batting: RHB Jesús Chávez
|
0-0: Ball 1-0: Called Strike 1-1: Ball 2-1: Foul Ball, location: 2F 2-2: Ball 3-2: Foul Ball, location: 2F 3-2: Grounds into double play, 5-4-3 (Groundball, 5)
|
Bottom of the 2nd over - 2 runs, 3 hits, 0 errors, 0 left on base; Butler 0 - Reading 2 |
TOP OF THE 3RD |
Butler White Sox batting - Pitching for Reading Rainbows : RHP Archie King
|
Batting: RHB James Richardson
|
0-0: Called Strike 0-1: Ball 1-1: Foul Ball, location: 2F 1-2: Ball 2-2: SINGLE (Groundball, 56D)
|
Batting: RHB Luis Fuentes
|
0-0: Swinging Strike 0-1: SINGLE (Line Drive, 7LS) James Richardson to second
|
Batting: LHB Gabriel Flores
|
0-0: Ball 1-0: Foul Ball, location: 2F 1-1: Foul Ball, location: 2F 1-2: Foul Ball, location: 2F 1-2: Strikes out swinging
|
Batting: RHB Miguel Sánchez
|
0-0: 3-RUN HOME RUN (Flyball, 89XD), Distance : 403 ft
|
Batting: LHB Denny Allen
|
0-0: Ball 1-0: Ball 2-0: Ball 3-0: Called Strike 3-1: SINGLE (Line Drive, 9S)
|
Batting: SHB Pedro Martínez
|
0-0: Called Strike 0-1: Ball 1-1: Ground out 3-1 (Groundball, 23) Denny Allen to second
|
Batting: LHB Thomas Dixon
|
0-0: SINGLE (Groundball, 34D) Denny Allen to third Runner from 3rd tries for Home, SAFE, no throw
|
Batting: RHB Ramón Maldonado
|
0-0: Ball 1-0: Called Strike 1-1: Fielders Choice at 2nd, 5-4 (Groundball, 5)
|
Top of the 3rd over - 4 runs, 5 hits, 0 errors, 1 left on base; Butler 4 - Reading 2 |
BOTTOM OF THE 3RD |
Reading Rainbows batting - Pitching for Butler White Sox : RHP Eric Wilson
|
Batting: LHB Ismael Barajas
|
0-0: Ball 1-0: Fly out, F8 (Flyball, 8RD)
|
Batting: RHB José Moreno
|
0-0: Foul Ball, location: 2F 0-1: Ball 1-1: DOUBLE (Flyball, 8RD)
|
Batting: RHB Edmund Swanson
|
0-0: Fly out, F4 (Line Drive, 4) Lined into DP, 4-6 (Line Drive, 4)
|
Bottom of the 3rd over - 0 runs, 1 hit, 0 errors, 0 left on base; Butler 4 - Reading 2 |
TOP OF THE 4TH |
Butler White Sox batting - Pitching for Reading Rainbows : RHP Archie King
|
Batting: RHB Jerry Moore
|
0-0: Ball 1-0: Foul Ball, location: 2F 1-1: Fly out, F9 (Flyball, 89M)
|
Batting: RHB James Richardson
|
0-0: Foul Ball, location: 2F 0-1: Ball 1-1: Ground out U3 (Groundball, 34S)
|
Batting: RHB Luis Fuentes
|
0-0: SINGLE (Line Drive, 89S)
|
Batting: LHB Gabriel Flores
|
0-0: Called Strike Luis Fuentes steals 2nd base 0-1: Ball 1-1: Ground out U3 (Groundball, 34)
|
Top of the 4th over - 0 runs, 1 hit, 0 errors, 1 left on base; Butler 4 - Reading 2 |
BOTTOM OF THE 4TH |
Reading Rainbows batting - Pitching for Butler White Sox : RHP Eric Wilson
|
Batting: RHB Ethan Moore
|
0-0: Ball 1-0: Ball 2-0: Ball 3-0: Called Strike 3-1: Swinging Strike 3-2: Strikes out looking
|
Batting: LHB Ramón Morán
|
0-0: Called Strike 0-1: Foul Ball, location: 2F 0-2: Ball 1-2: Ball 2-2: Foul Ball, location: 2F 2-2: Ball 3-2: SINGLE (Line Drive, 8RS)
|
Batting: LHB Dennis McConnell
|
0-0: Fly out, F9 (Flyball, 89D)
|
Batting: RHB Carlos Huerta
|
0-0: Foul Ball, location: 2F 0-1: Ball 1-1: Foul Ball, location: 2F 1-2: Foul Ball, location: 2F 1-2: Strikes out swinging
|
Bottom of the 4th over - 0 runs, 1 hit, 0 errors, 1 left on base; Butler 4 - Reading 2 |
TOP OF THE 5TH |
Butler White Sox batting - Pitching for Reading Rainbows : RHP Archie King
|
Batting: RHB Miguel Sánchez
|
0-0: Foul Ball, location: 2F 0-1: Called Strike 0-2: Ball 1-2: Ball 2-2: Strikes out swinging
|
Batting: LHB Denny Allen
|
0-0: Ball 1-0: Foul Ball, location: 2F 1-1: Swinging Strike 1-2: Foul Ball, location: 2F 1-2: SINGLE (Groundball, 6D)
|
Batting: SHB Pedro Martínez
|
0-0: Ball 1-0: Ball 2-0: Foul Ball, location: 2F 2-1: Fly out, F8 (Flyball, 8RM)
|
Batting: LHB Thomas Dixon
|
0-0: Fly out, F7 (Flyball, 78S)
|
Top of the 5th over - 0 runs, 1 hit, 0 errors, 1 left on base; Butler 4 - Reading 2 |
BOTTOM OF THE 5TH |
Reading Rainbows batting - Pitching for Butler White Sox : RHP Eric Wilson
|
Batting: SHB Johnny Jackson
|
0-0: Ball 1-0: Hit by Pitch
|
Batting: RHB Jesús Chávez
|
0-0: Swinging Strike 0-1: Swinging Strike 0-2: Strikes out looking
|
Batting: LHB Ismael Barajas
|
0-0: Ball 1-0: Foul Ball, location: 2F 1-1: Ball 2-1: SINGLE (Groundball, 6MD) Johnny Jackson to second
|
Batting: RHB José Moreno
|
0-0: Ball 1-0: Foul Ball, location: 2F 1-1: Foul Ball, location: 2F 1-2: Foul Ball, location: 2F 1-2: Ball 2-2: Ball 3-2: Fly out, F8 (Flyball, 8RD)
|
Batting: RHB Edmund Swanson
|
0-0: Ball 1-0: Ball 2-0: Foul Ball, location: 2F 2-1: Foul Ball, location: 2F 2-2: Foul Ball, location: 2F 2-2: SINGLE (Groundball, 4D) Johnny Jackson to third Ismael Barajas to second Runner from 3rd tries for Home, SAFE, throw made at trailing runner, OUT at third!
|
Bottom of the 5th over - 1 run, 2 hits, 0 errors, 1 left on base; Butler 4 - Reading 3 |
TOP OF THE 6TH |
Butler White Sox batting - Pitching for Reading Rainbows : RHP Archie King
|
Batting: RHB Ramón Maldonado
|
0-0: Called Strike 0-1: Foul Ball, location: 2F 0-2: Ball 1-2: Fly out, F7 (Flyball, 78D)
|
Batting: RHB Jerry Moore
|
0-0: Ball 1-0: Ground out 3-1 (Groundball, 34S)
|
Batting: RHB James Richardson
|
0-0: Ball 1-0: Ground out 1-3 (Groundball, 13)
|
Top of the 6th over - 0 runs, 0 hits, 0 errors, 0 left on base; Butler 4 - Reading 3 |
BOTTOM OF THE 6TH |
Reading Rainbows batting - Pitching for Butler White Sox : RHP Eric Wilson
|
Pitching: RHP Jorge Barrón
|
|
Batting: RHB Ethan Moore
|
0-0: Ball 1-0: Ball 2-0: Called Strike 2-1: Foul Ball, location: 2F 2-2: Foul Ball, location: 2F 2-2: Fly out, F5 (Line Drive, 56)
|
Batting: LHB Ramón Morán
|
0-0: SINGLE (Flyball, 8LS)
|
Batting: LHB Dennis McConnell
|
0-0: Ball 1-0: Foul Ball, location: 2F 1-1: Swinging Strike 1-2: Ball 2-2: Foul Ball, location: 2F 2-2: Ball Ramón Morán steals 2nd base 3-2: Base on Balls
|
Batting: RHB Carlos Huerta
|
0-0: Ball 1-0: Ball 2-0: Ball 3-0: Base on Balls Ramón Morán to third Dennis McConnell to second
|
Batting: SHB Johnny Jackson
|
0-0: Ball 1-0: Ball 2-0: Fly out, F5 (Popup, 56S)
|
Batting: RHB Jesús Chávez
|
0-0: Swinging Strike 0-1: Called Strike 0-2: Ball 1-2: Ball 2-2: Ball 3-2: Strikes out swinging
|
Bottom of the 6th over - 0 runs, 1 hit, 0 errors, 3 left on base; Butler 4 - Reading 3 |
TOP OF THE 7TH |
Butler White Sox batting - Pitching for Reading Rainbows : RHP Archie King
|
Batting: RHB Luis Fuentes
|
0-0: Called Strike 0-1: Ball 1-1: Ground out U3 (Groundball, 34)
|
Batting: LHB Gabriel Flores
|
0-0: Swinging Strike 0-1: Foul Ball, location: 2F 0-2: Strikes out looking
|
Batting: RHB Miguel Sánchez
|
0-0: Called Strike 0-1: Ball 1-1: Fly out, F3 (Popup, 3S)
|
Top of the 7th over - 0 runs, 0 hits, 0 errors, 0 left on base; Butler 4 - Reading 3 |
BOTTOM OF THE 7TH |
Reading Rainbows batting - Pitching for Butler White Sox : RHP Jorge Barrón
|
Batting: LHB Ismael Barajas
|
0-0: Ball 1-0: SINGLE (Groundball, 3D)
|
Batting: RHB José Moreno
|
0-0: Hit by Pitch Ismael Barajas to second
|
Batting: RHB Edmund Swanson
|
0-0: Called Strike 0-1: Ball 1-1: Swinging Strike 1-2: Ball 2-2: SINGLE (Groundball, 34D) Ismael Barajas to third José Moreno to second
|
Batting: RHB Ethan Moore
|
0-0: Called Strike 0-1: Called Strike 0-2: Ball 1-2: Foul Ball, location: 2F 1-2: Ball 2-2: Strikes out swinging
|
Batting: LHB Ramón Morán
|
0-0: Ball 1-0: Ball 2-0: Foul Ball, location: 2F 2-1: Ball Wild Pitch! Ismael Barajas scores José Moreno to third Edmund Swanson to second 3-1: Base on Balls
|
Batting: LHB Dennis McConnell
|
0-0: Ball 1-0: Ball 2-0: Called Strike 2-1: Foul Ball, location: 2F 2-2: Strikes out looking
|
Batting: RHB Carlos Huerta
|
0-0: Fly out, F7 (Flyball, 7S)
|
Bottom of the 7th over - 1 run, 2 hits, 0 errors, 3 left on base; Butler 4 - Reading 4 |
TOP OF THE 8TH |
Butler White Sox batting - Pitching for Reading Rainbows : RHP Archie King
|
Batting: LHB Denny Allen
|
0-0: Called Strike 0-1: Ground out 4-3 (Groundball, 4)
|
Pinch Hitting: RHB Bobby Murdock
|
0-0: Swinging Strike 0-1: Swinging Strike 0-2: Ball 1-2: Foul Ball, location: 2F 1-2: Strikes out swinging
|
Pinch Hitting: LHB Jim Knight
|
0-0: Ball 1-0: Fly out, F9 (Flyball, 9LD)
|
Top of the 8th over - 0 runs, 0 hits, 0 errors, 0 left on base; Butler 4 - Reading 4 |
BOTTOM OF THE 8TH |
Reading Rainbows batting - Pitching for Butler White Sox : RHP Jorge Barrón
|
Now at 2B: Alfredo Ramírez
|
|
Now in RF: Bobby Murdock
|
|
Batting: SHB Johnny Jackson
|
0-0: Ball 1-0: Called Strike 1-1: Swinging Strike 1-2: Fly out, F8 (Flyball, 8LM)
|
Pinch Hitting: LHB Arturo Álvarez
|
0-0: Called Strike 0-1: Called Strike 0-2: Foul Ball, location: 2F 0-2: Foul Ball, location: 2F 0-2: Foul Ball, location: 2F 0-2: Ball 1-2: Ball 2-2: Strikes out swinging
|
Batting: LHB Ismael Barajas
|
0-0: Ball 1-0: Ball 2-0: Ball 3-0: Base on Balls
|
Pitching: RHP Juan Silva
|
|
Batting: RHB José Moreno
|
0-0: Called Strike 0-1: Fly out, F9 (Flyball, 9S)
|
Bottom of the 8th over - 0 runs, 0 hits, 0 errors, 1 left on base; Butler 4 - Reading 4 |
TOP OF THE 9TH |
Butler White Sox batting - Pitching for Reading Rainbows : RHP Archie King
|
Pitching: RHP Michael Bane
|
|
Now at SS: Allen Hobbs
|
|
Pinch Hitting: RHB Ed Keesee
|
0-0: Ball 1-0: Ball 2-0: Ball 3-0: Called Strike 3-1: Fly out, F7 (Flyball, 7S)
|
Pinch Hitting: LHB Josh Pérez
|
0-0: Swinging Strike 0-1: Swinging Strike 0-2: Hit by Pitch
|
Pinch Hitting: SHB José Durango
|
0-0: Ball 1-0: Ball Throwing error on steal attempt, E2 Josh Pérez to third 2-0: Called Strike 2-1: Ground out 4-3 (Groundball, 4)
|
Batting: RHB Luis Fuentes
|
0-0: Ball 1-0: Ball 2-0: Foul Ball, location: 2F 2-1: Foul Ball, location: 2F 2-2: Ball Wild Pitch! Josh Pérez scores 3-2: Foul Ball, location: 2F 3-2: Strikes out swinging
|
Top of the 9th over - 1 run, 0 hits, 1 error, 0 left on base; Butler 5 - Reading 4 |
|